 Dungeon Crawl Stone Soup version v3.33-hellcrawl-87-gc32ded8 (webtiles) character file.

82 pipel the Poker (level 5, -3/39 HPs)
             Began as a Minotaur Necromancer on Aug 24, 2017.
             Killed by divine providence
             ... invoked by an orc priest
              (15 damage)
             ... on level 4 of the Dungeon.
             The game lasted 00:06:46 (2624 turns).

pipel the Poker (Minotaur Necromancer)              Turns: 2624, Time: 00:06:47

Health: -3/39      AC: 11 (28%)Str: 12  XL:     5   Next: 48%
Magic:  6/6        EV:  9    Int: 12    God:
Gold:   286        SH:  3    Dex: 12    Spells: 5/7 levels left

rFire    . . .     SeeInvis .   a - +2 spear (flame)
rCold    . . .     Faith    .   g - +0 buckler
rNeg     . . .     Spirit   .   i - +4 scale mail
rPois    .         Reflect  .   (helmet restricted)
rElec    .                      l - +0 cloak
rCorr    .                      (no gloves)
MR       .....                  (no boots)
Stlth    ..........             (no amulet)
Regen    0.2/turn               (no ring)
MPRegen  0.2/turn               (no ring)

@: no status effects
A: retaliatory headbutt, horns 2
a: no special abilities


You were on level 4 of the Dungeon.
You were not hungry.

You visited 1 branch of the dungeon, and saw 4 of its levels.

You collected 286 gold pieces.

Inventory:

Hand Weapons
 a - a +2 spear of flaming (weapon)
 o - a +0 trident
Missiles
 b - 1419 stones (quivered)
 e - 103 arrows
 n - 87 poisoned darts
 q - 86 bolts
 r - a tomahawk
Armour
 c - a +0 robe
 g - a +0 buckler (worn)
 h - a +0 ring mail
 i - a +4 scale mail (worn)
 l - a +0 cloak (worn)
Magical Staves
 p - an uncursed staff of cold
Jewellery
 m - an uncursed ring of fire
Scrolls
 f - 4 scrolls of magic mapping
 j - 2 scrolls of teleportation
 u - a scroll of fear
Potions
 d - a potion of ambrosia
 k - 2 potions of curing
 s - a potion of berserk rage
 t - a potion of invisibility


   Skills:
 + Level 0.5 Fighting
 + Level 4.2 Polearms
 + Level 2.0 Armour
 + Level 3.8 Dodging
 - Level 1.5 Stealth
 + Level 1.0 Shields
 - Level 1.5 Spellcasting
 - Level 3.1 Necromancy


You had 5 spell levels left.
You knew the following spells:

 Your Spells              Type           Power        Failure   Level  Hunger
a - Pain                  Necr           8 (25)       52%         1    ##.....
b - Animate Skeleton      Necr           N/A          52%         1    ##.....


Dungeon Overview and Level Annotations

Branches:
Dungeon (4/15)

Altars:
Elyvilon
Makhleb
Qazlal
Trog
Yredelemnul
Zin
The Shining One


Innate Abilities, Weirdness & Mutations

You reflexively headbutt those who attack you in melee.
You have a pair of horns on your head.


Message History

You are too injured to fight recklessly!
You are too injured to fight recklessly!
You are too injured to fight recklessly!
You closely miss the orc priest. You headbutt the orc priest (1).
The orc priest is severely wounded.
The orc priest hits you but does no damage.
The orc moves out of view.
You hit the orc priest but do no damage.
The orc priest is severely wounded.
You hit the orc priest but do no damage.
The orc priest is severely wounded.
The orc priest hits you but does no damage.
The orc priest calls down the wrath of Beogh upon you.
Pain shoots through your body (2)!
An orc wizard comes into view. It is wielding a +0 dagger.
You hit the orc priest (2). You burn the orc priest (1).
The orc priest is almost dead.
The orc priest invokes the aid of Beogh against you.
Beogh smites you (15)!
You die...

#.....##......... o..
#........#)...... .
)..######.##..#...... ..
o...# #..##...##### ...
...## ##.......###. .
..##...####.......)#..
... o.... .........8.#.8
..)..#oo## #.#.......#..
.......@)# #.....>..###.
#####..#.###.......#####
#..#................
#..###..............
#......##..........#
#.P.P..###...#....##
#.._...# #####.####.
#.P.P..# #..##..
#......# ##.##.†


You could see 2 orc priests, an orc wizard and 2 orcs.

Vanquished Creatures
  A howler monkey (D:4)
  2 orc wizards
  2 adders (D:3)
  2 dart slugs (D:1)
  8 orcs
  2 quokkas
  2 giant cockroaches
  5 goblins
  7 hobgoblins
  15 jackals
  6 kobolds
  2 ball pythons
  6 bats
  4 frilled lizards
  6 rats
70 creatures vanquished.

Vanquished Creatures (others)
  A quokka (D:2)
1 creature vanquished.

Grand Total: 71 creatures vanquished

Notes
Turn   | Place    | Note
-------+----------+-------------------------------------------
     0 | D:1      | pipel the Minotaur Necromancer began the quest for the Orb.
     0 | D:1      | Reached XP level 1. HP: 14/14 MP: 2/2
    80 | D:1      | Learned a level 1 spell: Animate Skeleton
   228 | D:1      | Reached XP level 2. HP: 15/20 MP: 0/3
   386 | D:1      | Reached skill level 1 in Polearms
   533 | D:1      | Reached XP level 3. HP: 19/26 MP: 4/4
   975 | D:2      | Found a white marble altar of Elyvilon.
  1118 | D:2      | Found a bloodstained altar of Trog.
  1140 | D:2      | Found a glowing golden altar of the Shining One.
  1144 | D:2      | Reached skill level 2 in Polearms
  1237 | D:2      | Found a stormy altar of Qazlal.
  1474 | D:2      | Found a faded altar of an unknown god.
  1680 | D:3      | Reached XP level 4. HP: 28/33 MP: 5/5
  1880 | D:3      | Reached skill level 1 in Armour
  2079 | D:3      | Reached skill level 3 in Polearms
  2158 | D:3      | Found a glowing silver altar of Zin.
  2315 | D:3      | Found a burning altar of Makhleb.
  2589 | D:4      | Found a basalt altar of Yredelemnul.
  2606 | D:4      | Reached XP level 5. HP: 39/39 MP: 6/6
  2614 | D:4      | Reached skill level 4 in Polearms
  2614 | D:4      | Reached skill level 1 in Shields
  2624 | D:4      | Killed from afar by an orc priest

Skill      XL: |  1  2  3  4  5 |
---------------+----------------+-----
Necromancy     | 3 |  3.1
Polearms       | 1 2 3 4 |  4.2
Dodging        | 3 |  3.8
Armour         | 1 2 |  2.0
Shields        | 1 |  1.0
Fighting       | |  0.5
Stealth        | |  1.5
Spellcasting   | |  1.5

Action                   |  1- 3 |  4- 6 || total
-------------------------+-------+-------++-------
Melee: Spear             |    85 |    65 ||   150
       Unarmed           |     3 |       ||     3
       Headbutt          |     6 |     5 ||    11
Throw: Stone             |     2 |       ||     2
 Cast: Pain              |    16 |       ||    16
       Animate Skeleton  |     6 |     1 ||     7
  Use: Scroll            |     2 |       ||     2
Armor: Robe              |     5 |       ||     5
       Scale mail        |    14 |    22 ||    36
       Ring mail         |     2 |       ||     2
Dodge: Dodged            |    26 |    17 ||    43
Block: Buckler           |     3 |     4 ||     7
